 Dungeon Crawl Stone Soup version 0.21.1-1-g345015f (webtiles) character file.

172 wolf the Conjurer (level 5, -3/24 HPs)
             Began as a Vine Stalker Conjurer on Mar 16, 2018.
             Was an Initiate of Wu Jian.
             Slain by an ogre
             ... wielding a +0 giant spiked club
              (25 damage)
             ... on level 3 of the Dungeon.
             The game lasted 00:22:09 (3554 turns).

wolf the Conjurer (Vine Stalker Conjurer)           Turns: 3554, Time: 00:22:09

Health: -3/24      AC:  4    Str: 11    XL:     5   Next: 53%
Magic:  0/10       EV: 12    Int: 16    God:    Wu Jian [......]
Gold:   151        SH:  0    Dex: 14    Spells: 4/10 levels left

rFire    + . .     SeeInvis .     - Unarmed
rCold    + . .     Gourm    .   (no shield)
rNeg     . . .     Faith    .   h - +1 leather armour
rPois    .         Spirit   +   (no helmet)
rElec    .         Reflect  .   n - scarf {rC+ rF+}
rCorr    .         Harm     .   (no gloves)
MR       .....                  (no boots)
Stlth    ++........             (no amulet)
HPRegen  0.48/turn              (no ring)
MPRegen  0.12/turn              (no ring)

@: no status effects
A: fangs 2, regeneration 1, magic shield, antimagic bite, no potion heal 3, rot
immunity
a: Renounce Religion


You were on level 3 of the Dungeon.
You worshipped Wu Jian.
Wu Jian was noncommittal.
You were hungry.

You visited 1 branch of the dungeon, and saw 3 of its levels.

You collected 151 gold pieces.

Inventory:

Hand Weapons
 e - a +0 dagger
Missiles
 i - 48 stones (quivered)
Armour
 a - a +0 robe
 h - a +1 leather armour (worn)
 n - a scarf of resistance (worn)
Scrolls
 g - 2 scrolls of teleportation
Potions
 d - a potion of agility {unknown}
 f - a potion of resistance {unknown}
 k - 2 potions of curing {unknown}
 m - 2 potions of haste {unknown}
Books
 b - a book of Conjurations

   Spells                             Type                      Level
   a - Magic Dart                     Conjuration                  1
   b - Searing Ray                    Conjuration                  2
   c - Dazzling Spray                 Conjuration/Hexes            3
   d - Fulminant Prism                Conjuration/Hexes            4
   e - Force Lance                    Conjuration/Translocation    4
   f - Iskenderun's Mystic Blast      Conjuration                  4
 j - a book of Minor Magic

   Spells                             Type                      Level
   a - Magic Dart                     Conjuration                  1
   b - Blink                          Translocation                2
   c - Call Imp                       Summoning                    2
   d - Slow                           Hexes                        2
   e - Conjure Flame                  Conjuration/Fire             3
   f - Mephitic Cloud                 Conjuration/Poison/Air       3
Comestibles
 c - 9 rations


   Skills:
 - Level 1.9 Dodging
 + Level 3.8 Stealth
 + Level 2.0 Unarmed Combat
 + Level 3.2 Spellcasting
 + Level 4.6 Conjurations
 + Level 1.4 Hexes


You had 4 spell levels left.
You knew the following spells:

 Your Spells              Type           Power        Failure   Level  Hunger
a - Magic Dart            Conj           ###.         3%          1    None
b - Searing Ray           Conj           ###...       5%          2    ##.....
c - Dazzling Spray        Conj/Hex       ##....       21%         3    ###....


Dungeon Overview and Level Annotations

Branches:
Dungeon (3/15)

Altars:
Hepliaklqana
Uskayaw
Wu Jian
Xom


Innate Abilities, Weirdness & Mutations

You have extremely sharp teeth.
Your natural rate of healing is unusually fast.
When hurt, damage is shared between your health and your magic reserves.
Your bite disrupts and absorbs the magic of your enemies.
Potions cannot restore your health.
You are immune to rotting.


Message History

(Press . to maintain the ray.)
You are feeling hungry.
The searing ray hits the ogre.
The ogre is moderately wounded.
The searing ray hits the ogre.
The ogre is severely wounded.
The ogre hits you with a giant spiked club!
An ogre is nearby!
An ogre is nearby!
Casting: Searing Ray
Confirm with . or Enter, or press ? or * to list all spells.
Aiming: Searing Ray
Press: ? - help, Shift-Dir - straight line, f/p - ogre
Aim: an ogre, wielding a giant spiked club (severely wounded)
The searing ray hits the ogre.
The ogre is severely wounded. (Press . to maintain the ray.)
The ogre hits you with a giant spiked club!!
Ouch! That really hurt!
You die...

.# #.#.# #.# #.###.. .# #.#.# #.#
#.#.... ## #.#.# #.#####.#.##.
#.#.# #).......#... #.#.#
#######.#.### ############.#.#
#.#.# ####............#.# #.#.#
.....[.#####.###O.# ###.#.#
####.### #.# #@## #.....# #.# #.#
#.# #.#<### ####.# #.###.# #.#.#
#.##.# #..##.# #.#.##### ...#.#
##.##.# #.#......
.....########.##.########.#######
......)................#.........
......#####.#.##.#####.#...######
......# #.#.##.# ###.#...#


You could see an ogre.

Vanquished Creatures
  An orc wizard (D:2)
  6 adders
  An ooze (D:1)
  3 worms
  2 dart slugs (D:1)
  7 leopard geckos
  2 ball pythons
  11 bats
  3 giant cockroaches
  6 hobgoblins
  3 jackals
  6 kobolds
  2 quokkas (D:2)
  A frilled lizard (D:2)
  6 goblins
  9 rats
69 creatures vanquished.

Notes
Turn   | Place    | Note
-------+----------+-------------------------------------------
     0 | D:1      | wolf the Vine Stalker Conjurer began the quest for the Orb.
     0 | D:1      | Reached XP level 1. HP: 9/9 MP: 4/4
   162 | D:1      | Reached XP level 2. HP: 7/13 MP: 1/6
   956 | D:1      | Reached XP level 3. HP: 16/16 MP: 5/7
  1321 | D:1      | Reached skill level 1 in Unarmed Combat
  1325 | D:1      | Learned a level 2 spell: Searing Ray
  1329 | D:1      | Learned a level 3 spell: Dazzling Spray
  1599 | D:2      | Gained mutation: Your natural rate of healing is unusually fast. [Vine Stalker growth]
  1599 | D:2      | Reached XP level 4. HP: 17/21 MP: 1/9
  2052 | D:2      | Reached skill level 1 in Hexes
  2323 | D:2      | Found a hide-covered altar of Uskayaw.
  2399 | D:2      | Found an ornate altar of the Wu Jian Council.
  2407 | D:2      | Became a worshipper of the Wu Jian Council
  2564 | D:2      | Reached XP level 5. HP: 24/24 MP: 6/10
  3085 | D:3      | Noticed an ogre
  3229 | D:3      | Found a shimmering altar of Xom.
  3230 | D:3      | Found a hazy altar of Hepliaklqana.
  3230 | D:3      | Noticed a thorn hunter
  3231 | D:3      | Noticed a spectral ugly thing
  3231 | D:3      | Noticed a thorn hunter
  3554 | D:3      | Slain by an ogre

Skill      XL: |  1  2  3  4  5 |
---------------+----------------+-----
Stealth        | 3 |  3.8
Unarmed Combat | 1 2 |  2.0
Hexes          | 1 |  1.4
Spellcasting   | 3 |  3.2
Dodging        | |  1.9
Conjurations   | |  4.6

Action                   |  1- 3 |  4- 6 || total
-------------------------+-------+-------++-------
Melee: Unarmed           |     5 |    47 ||    52
       Bite              |     2 |    11 ||    13
       Dagger            |    10 |       ||    10
 Cast: Magic Dart        |    54 |    55 ||   109
       Searing Ray       |     2 |    12 ||    14
Invok: Lunge             |       |     3 ||     3
  Use: Scroll            |       |     7 ||     7
 Stab: Sleeping          |       |     2 ||     2
  Eat: Chunk             |     3 |     6 ||     9
Armor: Robe              |     6 |       ||     6
       Leather armour    |     1 |    37 ||    38
Dodge: Dodged            |    15 |    62 ||    77
